% Time on Ice - SAN JOSE BRONCOS
Lines # - Real PCT - Wanted PCT - Time Play
Normal Forward
1 - 35% - 35% - 18:57
2 - 30% - 30% - 16:14
3 - 20% - 20% - 10:51
4 - 14% - 15% - 7:46
Normal Defense
1 - 37% - 36% - 19:39
2 - 32% - 31% - 16:57
3 - 23% - 23% - 12:21
4 - 9% - 10% - 4:51
PP Forward
1 - 42% - 55% - 1:47
2 - 58% - 45% - 2:26
PP Defense
1 - 43% - 55% - 1:49
2 - 57% - 45% - 2:24
PK Forward
1 - 69% - 55% - 1:22
2 - 31% - 45% - 0:37
PK Defense
1 - 54% - 55% - 1:04
2 - 46% - 45% - 0:55
PK3 Forward
1 - 0% - 55%
2 - 0% - 45%
PK3 Defense
1 - 0% - 50%
2 - 0% - 50%
44 Forward
1 - 0% - 50%
2 - 0% - 50%
44 Defense
1 - 0% - 50%
2 - 0% - 50%
Last Minute Offensive  - 0:00
Last Minute Defensive  - 0:00
Total
Forward - 60:00
Defense - 60:00
% Time on Ice - SALEM BLACK JAYS
Lines # - Real PCT - Wanted PCT - Time Play
Normal Forward
1 - 38% - 36% - 20:13
2 - 26% - 31% - 14:07
3 - 19% - 23% - 10:22
4 - 17% - 10% - 9:06
Normal Defense
1 - 34% - 36% - 18:22
2 - 34% - 31% - 18:04
3 - 25% - 23% - 13:38
4 - 7% - 10% - 3:44
PP Forward
1 - 52% - 55% - 1:02
2 - 48% - 45% - 0:57
PP Defense
1 - 48% - 55% - 0:57
2 - 52% - 45% - 1:02
PK Forward
1 - 60% - 55% - 2:31
2 - 40% - 45% - 1:42
PK Defense
1 - 48% - 55% - 2:01
2 - 52% - 45% - 2:12
PK3 Forward
1 - 0% - 55%
2 - 0% - 45%
PK3 Defense
1 - 0% - 55%
2 - 0% - 45%
44 Forward
1 - 0% - 55%
2 - 0% - 45%
44 Defense
1 - 0% - 55%
2 - 0% - 45%
Last Minute Offensive  - 0:00
Last Minute Defensive  - 0:00
Total
Forward - 60:00
Defense - 60:00
Play-by-Play 1st period 0:01 of 1st period - Dylan Larkin wins face-off versus Evgeni Malkin in neutral zone. 0:34 of 1st period - Shot by Evgeni Malkin. 0:34 of 1st period - Shot Blocked by Cody Ceci. 1:09 of 1st period - Icing by Neal Pionk. 1:10 of 1st period - Mikko Koivu wins face-off versus Mikko Rantanen in SAN JOSE BRONCOS zone. 1:14 of 1st period - Off-side. 1:15 of 1st period - Cody Eakin wins face-off versus Casey Cizikas in neutral zone. 1:27 of 1st period - Shot by Mikko Rantanen. 1:27 of 1st period - Shot Misses the Net. 1:54 of 1st period - Icing by Michal Kempny. 1:55 of 1st period - Nick Bonino wins face-off versus Casey Cizikas in SALEM BLACK JAYS zone. 2:08 of 1st period - Shot by Nick Bonino. 2:08 of 1st period - Stopped by Mike Smith without a rebound. 2:09 of 1st period - Dylan Larkin wins face-off versus Zach Parise in SALEM BLACK JAYS zone. 2:09 of 1st period - Dylan Larkin is hit by Oliver Bjorkstrand. 2:23 of 1st period - Jared Spurgeon is hit by Matthew Calvert and loses puck. 2:44 of 1st period - Shot by Zach Parise. 2:44 of 1st period - Stopped by Mike Smith without a rebound. 2:45 of 1st period - Nick Bonino wins face-off versus Par Lindholm in SALEM BLACK JAYS zone. 2:47 of 1st period - Colton Sissons is hit by Joshua Morrissey and loses puck. 3:52 of 1st period - Shot by Trevor Lewis. 3:52 of 1st period - Shot Blocked by Neal Pionk. 4:28 of 1st period - Shot by Alexander Radulov. 4:28 of 1st period - Deflect By Evgeni Malkin. 4:28 of 1st period - Stopped by Mike Smith without a rebound. 4:29 of 1st period - Dylan Larkin wins face-off versus Mikko Koivu in SALEM BLACK JAYS zone. 4:59 of 1st period - Shot by Zach Parise. 4:59 of 1st period - Goal by Zach Parise - SAN JOSE BRONCOS : 1 - SALEM BLACK JAYS : 0. 5:00 of 1st period - Evgeni Malkin wins face-off versus Mikko Rantanen in neutral zone. 5:15 of 1st period - Shot by Mathew Barzal. 5:15 of 1st period - Shot Misses the Net. 5:18 of 1st period - Icing by Adam Pelech. 5:19 of 1st period - Trevor Lewis wins face-off versus Evgeni Malkin in SAN JOSE BRONCOS zone. 6:23 of 1st period - Jaccob Slavin is hit by Matthew Calvert and loses puck. 6:28 of 1st period - Shot by Dylan Larkin. 6:28 of 1st period - Deflect By Mitchell Marner. 6:28 of 1st period - Stopped by Jacob Markstrom without a rebound. 6:29 of 1st period - Mikko Koivu wins face-off versus Mikko Rantanen in SAN JOSE BRONCOS zone. 6:38 of 1st period - Shot by Mikko Koivu. 6:38 of 1st period - Shot Blocked by Michal Kempny. 7:50 of 1st period - Minor Penalty to Cody Ceci for Tripping. 7:51 of 1st period - Casey Cizikas wins face-off versus Evgeni Malkin in SALEM BLACK JAYS zone. 8:14 of 1st period - Shot by Jared Spurgeon. 8:14 of 1st period - Stopped by Mike Smith without a rebound. 8:15 of 1st period - Dylan Larkin wins face-off versus Cody Eakin in SALEM BLACK JAYS zone. 8:36 of 1st period - Shot by Dustin Brown. 8:36 of 1st period - Stopped by Mike Smith with a rebound. 9:11 of 1st period - Icing by Jaccob Slavin. 9:12 of 1st period - Casey Cizikas wins face-off versus Cody Eakin in SAN JOSE BRONCOS zone. 9:12 of 1st period - Casey Cizikas is hit by Brady Skjei. 10:09 of 1st period - Shot by Nick Bonino. 10:09 of 1st period - Shot Blocked by Michal Kempny. 10:11 of 1st period - Shot by Nick Bonino. 10:11 of 1st period - Stopped by Mike Smith without a rebound. 10:12 of 1st period - Evgeni Malkin wins face-off versus Dylan Larkin in SALEM BLACK JAYS zone. 10:29 of 1st period - Shot by Mitchell Marner. 10:29 of 1st period - Shot Misses the Net. 10:48 of 1st period - Shot by Mitchell Marner. 10:48 of 1st period - Stopped by Jacob Markstrom with a rebound. 10:51 of 1st period - Icing by Adam Pelech. 10:52 of 1st period - Casey Cizikas wins face-off versus Dustin Brown in SAN JOSE BRONCOS zone. 11:21 of 1st period - Shot by Nick Bonino. 11:21 of 1st period - Shot Misses the Net. 11:25 of 1st period - Shot by Colton Sissons. 11:25 of 1st period - Stopped by Mike Smith without a rebound. 11:26 of 1st period - Mikko Rantanen wins face-off versus Cody Eakin in SALEM BLACK JAYS zone. 12:24 of 1st period - Shot by Mitchell Marner. 12:24 of 1st period - Stopped by Jacob Markstrom without a rebound. 12:25 of 1st period - Mikko Koivu wins face-off versus Dylan Larkin in SAN JOSE BRONCOS zone. 12:25 of 1st period - Mikko Koivu is hit by Dylan Larkin. 12:44 of 1st period - Zach Parise is hit by Cody Ceci and loses puck. 13:01 of 1st period - Jaccob Slavin is hit by Matthew Calvert and loses puck. 13:18 of 1st period - Mikko Koivu is hit by Matthew Calvert and loses puck. 13:33 of 1st period - Shot by Dustin Brown. 13:33 of 1st period - Stopped by Mike Smith without a rebound. 13:34 of 1st period - Evgeni Malkin wins face-off versus Filip Chytil in SALEM BLACK JAYS zone. 13:34 of 1st period - Alexander Radulov is hit by Scott Mayfield and loses puck. 13:52 of 1st period - Minor Penalty to Scott Mayfield for Tripping. 13:53 of 1st period - Evgeni Malkin wins face-off versus Casey Cizikas in SALEM BLACK JAYS zone. 14:39 of 1st period - Shot by Cody Eakin. 14:39 of 1st period - Shot Misses the Net. 14:56 of 1st period - Shot by Cody Eakin. 14:56 of 1st period - Stopped by Mike Smith without a rebound. 14:57 of 1st period - Dylan Larkin wins face-off versus Evgeni Malkin in SALEM BLACK JAYS zone. 15:12 of 1st period - Shot by Alexander Radulov. 15:12 of 1st period - Stopped by Mike Smith with a rebound. 15:14 of 1st period - Shot by Jaccob Slavin. 15:14 of 1st period - Shot Misses the Net. 15:16 of 1st period - Shot by Brady Skjei. 15:16 of 1st period - Shot Misses the Net. 15:18 of 1st period - Shot by Zach Parise. 15:18 of 1st period - Shot Misses the Net. 15:20 of 1st period - Shot by Jaccob Slavin. 15:20 of 1st period - Shot Misses the Net. 16:29 of 1st period - Shot by Colton Sissons. 16:29 of 1st period - Stopped by Mike Smith with a rebound. 16:31 of 1st period - Shot by Nick Bonino. 16:31 of 1st period - Stopped by Mike Smith without a rebound. 16:32 of 1st period - Dylan Larkin wins face-off versus Anthony Beauvillier in SALEM BLACK JAYS zone. 17:07 of 1st period - Icing by Neal Pionk. 17:08 of 1st period - Cody Eakin wins face-off versus Mathew Barzal in SAN JOSE BRONCOS zone. 18:12 of 1st period - Shot by Alexander Radulov. 18:12 of 1st period - Shot Misses the Net. 19:15 of 1st period - Shot by Mitchell Marner. 19:15 of 1st period - Shot Misses the Net. 19:17 of 1st period - Shot by Dylan Larkin. 19:17 of 1st period - Deflect By Mitchell Marner. 19:17 of 1st period - Stopped by Jacob Markstrom without a rebound. 19:18 of 1st period - Cody Eakin wins face-off versus Mikko Rantanen in SAN JOSE BRONCOS zone. 19:35 of 1st period - Neal Pionk is hit by Mikko Rantanen and loses puck. 19:52 of 1st period - Shot by Mikko Rantanen. 19:52 of 1st period - Goal by Mikko Rantanen - SAN JOSE BRONCOS : 1 - SALEM BLACK JAYS : 1. 19:53 of 1st period - Dylan Larkin wins face-off versus Mikko Koivu in neutral zone. Goals for this period are 1 for SAN JOSE BRONCOS vs 1 for SALEM BLACK JAYS. Shots for this period are 13 for SAN JOSE BRONCOS vs 5 for SALEM BLACK JAYS. 2nd period 0:01 of 2nd period - Mikko Koivu wins face-off versus Casey Cizikas in neutral zone. 0:18 of 2nd period - Shot by Mikko Koivu. 0:18 of 2nd period - Shot Misses the Net. 0:26 of 2nd period - Shot by Zach Parise. 0:26 of 2nd period - Stopped by Mike Smith without a rebound. 0:27 of 2nd period - Evgeni Malkin wins face-off versus Dylan Larkin in SALEM BLACK JAYS zone. 0:55 of 2nd period - Shot by Mitchell Marner. 0:55 of 2nd period - Stopped by Jacob Markstrom without a rebound. 0:56 of 2nd period - Casey Cizikas wins face-off versus Mikko Koivu in SAN JOSE BRONCOS zone. 1:40 of 2nd period - Off-side. 1:41 of 2nd period - Evgeni Malkin wins face-off versus Dylan Larkin in neutral zone. 1:50 of 2nd period - Shot by Evgeni Malkin. 1:50 of 2nd period - Stopped by Mike Smith with a rebound. 1:58 of 2nd period - Dylan Larkin is hit by Evgeni Malkin and loses puck. 2:40 of 2nd period - Icing by Neal Pionk. 2:41 of 2nd period - Evgeni Malkin wins face-off versus Mikko Rantanen in SAN JOSE BRONCOS zone. 3:04 of 2nd period - Shot by Mathew Barzal. 3:04 of 2nd period - Stopped by Jacob Markstrom with a rebound. 3:33 of 2nd period - Icing by Zach Parise. 3:34 of 2nd period - Mikko Koivu wins face-off versus Filip Chytil in SAN JOSE BRONCOS zone. 3:55 of 2nd period - Shot by Filip Chytil. 3:55 of 2nd period - Deflect By Trevor Lewis. 3:55 of 2nd period - Stopped by Jacob Markstrom without a rebound. 3:56 of 2nd period - Dylan Larkin wins face-off versus Cody Eakin in SAN JOSE BRONCOS zone. 4:01 of 2nd period - Shot by Mitchell Marner. 4:01 of 2nd period - Deflect By Dylan Larkin. 4:01 of 2nd period - Stopped by Jacob Markstrom without a rebound. 4:02 of 2nd period - Cody Eakin wins face-off versus Casey Cizikas in SAN JOSE BRONCOS zone. 4:17 of 2nd period - Shot by Anthony Beauvillier. 4:17 of 2nd period - Shot Blocked by Joshua Morrissey. 4:42 of 2nd period - Off-side. 4:43 of 2nd period - Dylan Larkin wins face-off versus Mikko Koivu in neutral zone. 5:01 of 2nd period - Icing by Mitchell Marner. 5:02 of 2nd period - Dylan Larkin wins face-off versus Evgeni Malkin in SALEM BLACK JAYS zone. 5:12 of 2nd period - Icing by Alexander Radulov. 5:13 of 2nd period - Evgeni Malkin wins face-off versus Mikko Rantanen in SAN JOSE BRONCOS zone. 5:13 of 2nd period - Evgeni Malkin is hit by Par Lindholm. 5:21 of 2nd period - Shot by Alexander Radulov. 5:21 of 2nd period - Stopped by Mike Smith without a rebound. 5:22 of 2nd period - Mikko Koivu wins face-off versus Casey Cizikas in SALEM BLACK JAYS zone. 5:26 of 2nd period - Icing by Joshua Morrissey